 Dungeon Crawl Stone Soup version 0.28.0 (webtiles) character file.

Game seed: 11290844383264677884

180 ProzacElf the Slasher (level 5, -1/43 HPs)
             Began as a Palentonga Berserker on Feb 6, 2022.
             Was a Priest of Trog.
             Slain by a kobold (3 damage)
             ... in a sewer.
             The game lasted 00:05:15 (3141 turns).

ProzacElf the Slasher (Palentonga Berserker)        Turns: 3141, Time: 00:05:16

Health: -1/43      AC:  8    Str: 20    XL:     5   Next: 33%
Magic:  5/5        EV:  4    Int:  8    God:    Trog [***...]
Gold:   167        SH:  0    Dex: 11    Spells: 4/4 levels left

rFire   . . .      SeeInvis +   a - +0 falchion
rCold   . . .      Faith    .   (no shield)
rNeg    . . .      Spirit   .   p - +0 plate armour
rPois   .          Reflect  .   (no helmet)
rElec   .          Harm     .   (no cloak)
rCorr   .          Rampage  .   (no gloves)
Will    .....                   (no barding)
Stlth   ..........              (no amulet)
HPRegen 0.14/turn               (no ring)
MPRegen 0.09/turn               (no ring)

@: no status effects
A: large, rugged brown scales 3, see invisible, deformed body, roll 1, armoured
tail
a: Rolling Charge, Renounce Religion, Berserk, Trog's Hand


You were in a sewer.
You worshipped Trog.
Trog was most pleased with you.
You visited 1 branch of the dungeon, and saw 3 of its levels.
You also visited: Sewer.

You collected 167 gold pieces.

Inventory:

Hand Weapons
 a - a +0 falchion (weapon)
Missiles
 f - 31 bolts
 o - 6 poisoned darts
Armour
 b - a +0 animal skin
 d - a +0 ring mail
 p - a +0 plate armour (worn)
Scrolls
 c - 3 scrolls of enchant weapon {unknown}
 e - 3 scrolls of teleportation {unknown}
 l - a scroll of noise {unknown}
 m - a scroll of amnesia {unknown}
 n - a scroll of holy word {unknown}
 q - a scroll of immolation {unknown}
Potions
 g - 3 potions of haste {unknown}
 h - 2 potions of resistance {unknown}
 i - a potion of ambrosia {unknown}
 j - a potion of brilliance {unknown}
 k - 2 potions of curing {unknown}
 r - a potion of heal wounds {unknown}


   Skills:
 - Level 3.0 Fighting
 + Level 4.8 Long Blades
 - Level 1.5 Armour
 + Level 3.4 Dodging


You had 4 spell levels left.
You didn't know any spells.
Your spell library was empty.

Dungeon Overview and Level Annotations

Branches:
Dungeon (3/15)              Sewer (1/1)

Altars:


Innate Abilities, Weirdness & Mutations

You are completely covered in rugged brown scales. (AC +3, +7% HP)
You have supernaturally acute eyesight. (SInv)
Armour fits poorly on your strangely shaped body.
You can roll at nearby foes to attack.
You have a long armoured tail.


Message History

Ye take 1 damage, an' haf 20/43 hp.
Tha kobold hits ye wit' a +0 club.
Tha kobold hits ye wit' a +0 short sword.
Tha kobold brigand hits ye but does nay damage.
Thar be an op'n door 'ere.
Ye take 6 damage, an' haf 14/43 hp.
Ye closely miss tha kobold.
Yer tail-slap misses tha kobold.
Tha kobold hits ye wit' a +0 club.
* * * LOW HITPOINT WARNIN'
* * * Tha kobold hits ye but does nay damage.
Tha kobold brigand hits ye wit' a +0 short sword.
* * * LOW HITPOINT WARNIN'
* * * Ye take 6 damage, an' haf 8/43 hp.
Thin's tha be 'ere: a +0 club; a kobold corpse Ye closely miss tha kobold brigand.
Yer tail-slap misses tha kobold brigand.
Ye punch tha kobold brigand.
Tha kobold brigand be moderately wounded.
Tha kobold completely misses ye.
Tha kobold brigand barely misses ye.
Ye closely miss tha kobold brigand.
Tha kobold brigand be moderately wounded.
Tha kobold hits ye but does nay damage.
Tha kobold brigand hits ye but does nay damage.
Ye hit tha kobold brigand.
Tha kobold brigand be moderately wounded.
Tha kobold hits ye but does nay damage.
Tha kobold brigand hits ye wit' a +0 short sword.
* * * LOW HITPOINT WARNIN'
* * * Ye take 6 damage, an' haf 3/43 hp.
Ye hit tha kobold brigand.
Tha kobold brigand be heavily wounded.
Tha kobold hits ye wit' a +0 club.
* * * LOW HITPOINT WARNIN'
* * * Tha kobold brigand hits ye but does nay damage.
Ye take 1 damage, an' haf 2/43 hp.
Ye barely miss tha kobold brigand.
Tha kobold brigand be heavily wounded.
Tha kobold hits ye wit' a +0 club.
Ye die...

≈≈≈≈≈≈≈≈≈≈≈≈≈≈≈≈≈≈≈≈≈
≈≈≈≈≈≈≈≈≈≈≈≈≈≈≈≈≈≈≈≈.
≈≈≈≈≈≈≈≈≈≈ ##≈≈.≈≈≈.
≈≈≈≈≈.≈####........ ≈##
####≈≈....##.....##..
≈#!.#..#..≈..........###.
≈#.....#...........†###..
#..K.KK.....####...÷.÷.
≈#.....#@...### ##.....#
≈#?.#..###### ####### ≈##
###


You could see a kobold brigand and 2 kobolds.

Vanquished Creatures
  5 adders
  6 river rats (Sewer)
  A worm (D:2)
  4 ball pythons
  6 endoplasms (D:2)
  7 giant cockroaches
  3 goblins (D:1)
  3 hobgoblins
  4 quokkas
  8 bats
  2 frilled lizards (D:2)
  10 kobolds
  28 rats
87 creatures vanquished.

Notes
Turn   | Place    | Note
-------+----------+-------------------------------------------
     0 | D:1      | ProzacElf the Palentonga Berserker began the quest for the
                  | Orb.
     0 | D:1      | Reached XP level 1. HP: 19/19 MP: 1/1
    90 | D:1      | Found a faded altar of an unknown god.
   454 | D:1      | Reached XP level 2. HP: 25/25 MP: 2/2
   736 | D:2      | Reached XP level 3. HP: 21/31 MP: 3/3
  1262 | D:2      | Reached ** piety under Trog
  1760 | D:3      | Found a glowing drain.
  1764 | D:3      | Reached skill level 4 in Long Blades
  1780 | Sewer    | Entered a sewer
  1830 | Sewer    | Reached XP level 4. HP: 26/37 MP: 4/4
  2388 | Sewer    | Reached *** piety under Trog
  2404 | Sewer    | Reached XP level 5. HP: 28/43 MP: 5/5
  3140 | Sewer    | HP: 2/43 [kobold (1)]
  3141 | Sewer    | Slain by a kobold

Illustrated notes

Levels and vault maps discovered:
D:1:      wander_arrival_peaceful_grave, layout_rooms,
          ebering_ecumenical_altar_hall
D:2:      minmay_alternating_diamond, layout_loops_ring,
          kennysheep_generic_room_14
D:3:      layout_loops_ring, lemuel_blue_sif_altar, gup_sewer_entry_pipe,
          ebering_ghost_sewer_f, kennysheep_generic_room_7
Sewer:    sewer_minmay_treatment

Skill      XL: |  1  2  3  4 |
---------------+-------------+-----
Dodging        | 2 3 |  3.4
Long Blades    | 4 |  4.8
Fighting       | |  3.0
Armour         | |  1.5

Action                   |  1- 3 |  4- 6 || total
-------------------------+-------+-------++-------
Melee: Falchion          |   121 |   121 ||   242
       Tailslap          |     8 |    17 ||    25
       Punch             |     1 |     2 ||     3
 Abil: Rolling Charge    |     2 |       ||     2
Armor: Ring mail         |    46 |       ||    46
       Plate armour      |    12 |    79 ||    91
Dodge: Dodged            |    45 |    29 ||    74
